badnik, neutral female scurrid Ranger ------------------------- ----------- |.......................| ..........| |........*..............| ........}}.....| ---------......}}}}.............--------- ...}}}}.....}}}}.....--------- |}}}.....}}}..}}}}}}....l)...f}}}}.i....(..}}}..}}....}}...}}}}.}}}}}}}}| |}}}....}}.}}}}....}}...}}}f.}@..B}}}}}.}}}}l.........}}....}}}}}}...}}}| |}}}}}}}......).h...}}}}}.}}}aldx...}}}}}}}............}}.............}}| |}}}}}............?>.}}....a.da.......}}...}...........}}..%........}}}}| ---------..+..........QQ...a..le--------- ..}....l...}}}}.......--------- |.......................| }}...<}}}.}........| -..!.....}}}}.Q.(}}.....- }}}.......=....- `.......}}}.........}}}u.. .......}}}...... }........}}}...........'.}... .}}}...}}}*...}}}| |}}}}}}}}..}}}.}}}}}}..&.....Z}}} .......}}}}}}}| |}}}}}}..}}}..!}....}}}Z..}}}}.(. ......}}}}}| ---------.............Q}}}......- --------- |..............M........| |.........[Z............| ------------------------- badnik the Tenderfoot Experience level: 1 Strength: 15 Dexterity: 10 Constitution: 14 Intelligence: 13 Wisdom: 15 Charisma: 8 Health: 0(14) Energy: 2(2) Def: 3 Gold: 348 Moves: 101 Dungeon seed: xYgBGvWcXQaGjqYi Game ID: badnik_1498610888 Your Inventory: Coins $ - 348 gold pieces Weapons b - 28 uncursed +2 darts c - 18 uncursed +0 darts Armor e - an uncursed +2 cloak of displacement (being worn) Comestibles d - 4 uncursed chestnuts Wands f - an uncursed wand of slow monster (0:3) g - an uncursed wand of create monster (0:11) Spells and supernatural/magical abilities: Name Level Category Fail Memory W - pray for help -- divine ? -- Your skills at the end: Miscellaneous Skills wands [Basic] Weapon Skills dart [Basic] Spellcasting Skills Final Attributes: You were devoutly aligned. You had automatic searching. You had infravision. You were displaced. You were very stealthy. You are dead. Vanquished creatures: 2 sewer rats Voluntary challenges: You went without food. You did not adorn yourself with jewelry or accessories. You did not cause conflict. You were not invisible. You did not have reflection. You were an atheist. You never hit with a wielded weapon. You were a pacifist. You did not use tools. You did not drink any magical draughts. You were illiterate. You never genocided any monsters. You never polymorphed an object. You never changed form. You used no wishes. You never split a pudding. You never wrote Elbereth's name. You never violated your personal moral code. Dungeon overview: The Dungeons of Doom: levels 1 to 15 Level 1 a long staircase Level 2 a fountain Level 3 a long staircase Level 4 Level 5 Level 6 a long staircase Level 7 Level 8 Level 9 Level 10 a general store Level 11 Level 12 Level 13 Level 14 a fountain Level 15 <- You were here History has recorded: On T:1 you entered the Dungeons of Doom to retrieve the Amulet of Yendor! On T:12 you reached level 2 of The Dungeons of Doom. On T:18 you reached level 3 of The Dungeons of Doom. On T:22 you reached level 4 of The Dungeons of Doom. On T:28 you reached level 5 of The Dungeons of Doom. On T:40 you reached level 6 of The Dungeons of Doom. On T:46 you reached level 7 of The Dungeons of Doom. On T:51 you reached level 8 of The Dungeons of Doom. On T:58 you reached level 9 of The Dungeons of Doom. On T:62 you reached level 10 of The Dungeons of Doom. On T:82 you reached level 12 of The Dungeons of Doom. On T:87 you reached level 13 of The Dungeons of Doom. On T:93 you reached level 14 of The Dungeons of Doom. On T:98 you reached level 15 of The Dungeons of Doom. Score breakdown: Gold: 348 ( 34 points) Experience: 1 level ( 0 points) Exploration: 15 levels ( 420 points) Discoveries: 1 item ( 50 points) Variety of kills: 1 monster ( 50 points) Major goal: (nothing yet) ( 0 points) Survival: died (score multiplied by 3) Total score: 1662 Latest messages: You continue digging downward. You dig a pit in the floor. You continue digging downward. You dig a hole through the floor. You fall through... You stop exploring. The dingo strikes at your displaced image and misses you! You stop exploring. The jitterbug strikes at your displaced image and misses you! The iguana strikes at your displaced image and misses you! A panther blocks your way. You start digging downward. The killer bee misses the dingo. The killer bee stings! The jitterbug strikes at your displaced image and misses you! You continue digging downward. The water sloshes furiously for a moment, then subsides. The fox misses. The killer bee just misses! The Green-elf picks up a small shield. The panther claws you! You die... Final status: Goodbye badnik the Ranger, killed by a panther... You died in The Dungeons of Doom on dungeon level 15 with 1662 points, and 348 pieces of gold, after 101 moves. You were level 1 with a maximum of 14 hit points when you died.